 Dungeon Crawl Stone Soup version 0.31.0-1-g2c135a0 (webtiles) character file.

Game seed: 5327658824116809962

148 edsrzf the Trooper (level 5, -1/57 HPs)
             Began as an Oni Brigand on Jan 30, 2024.
             Slain by an adder skeleton (3 damage)
             ... on level 4 of the Dungeon.
             The game lasted 00:04:47 (2208 turns).

edsrzf the Trooper (Oni Brigand)                    Turns: 2208, Time: 00:04:47

Health: -1/57      AC: -6    Str: 20 (21) XL:     5   Next: 30%
Magic:  4/4        EV:  9    Int: 13 (16) God:
Gold:   118        SH:  0    Dex: 13 (15) Spells: 4/4 levels left

rFire   + . .        r - +7 dagger of Intimidation {heavy, Int+5}
rCold   + . .        (no shield)
rNeg    . . .        b - +0 robe
rPois   +            (helmet restricted)
rElec   +            c - +0 cloak
rCorr   +            (gloves unavailable)
SInv    .            (boots unavailable)
Will    +....        (no amulet)
Stlth   ++           u - +6 ring of dexterity
HPRegen 0.29/turn    (no ring)
MPRegen 0.09/turn

%: no passive effects
@: resistant, corroded, enlightened, flying, invisible (expiring)
A: large, unfitting armour, horns 1, tough skin 1, double potion healing,
drunken brawling, iridescent scales 1, low MP 1, strong 1, MP-powered wands
a: no special abilities


You were on level 4 of the Dungeon.
You visited 1 branch of the dungeon, and saw 4 of its levels.

You collected 118 gold pieces.

Inventory:

Hand Weapons
 a - a +2 dagger of speed
 k - a +1 dagger of protection
 r - the +7 dagger of Intimidation (weapon) {heavy, Int+5}
   (You found it on level 2 of the Dungeon)

   Int+5:     It affects your intelligence (+5).
Missiles
 d - 9 poisoned darts (quivered)
 j - 28 stones
Armour
 b - a +0 robe (worn)
 c - a +0 cloak (worn)
Jewellery
 u - a +6 ring of dexterity (left hand)
Talismans
 q - a maw talisman
Scrolls
 m - a scroll of noise {unknown}
 n - a scroll of torment {unknown}
 p - a scroll of fog {unknown}
 t - 3 scrolls of identify {unknown}
 v - a scroll of poison {unknown}
 w - a scroll of enchant armour {unknown}
Potions
 f - a potion of brilliance
 h - a potion of mutation {!q}
 i - 2 potions of magic
 l - 4 potions of invisibility


   Skills:
 + Level 5.3 Fighting
 - Level 1.7 Short Blades
 + Level 4.0 Throwing
 - Level 0.8 Dodging
 - Level 2.9 Stealth


You had 4 spell levels left.
You didn't know any spells.
Your spell library contained the following spells:

 Spells                   Type           Power      Damage    Failure   Level
 Ozocubu's Armour         Ice            0%         N/A       67%         3
 Tukima's Dance           Hex            0%         N/A       67%         3
 Passage of Golubria      Tloc           0%         N/A       97%         4
 Metabolic Englaciation   Hex/Ice        0%         N/A       100%        5
 Yara's Violent Unravell  Hex/Alch       0%         3d3       100%        5
 Sculpt Simulacrum        Ice/Alch       0%         N/A       100%        6


Dungeon Overview and Level Annotations

Branches:
Dungeon (4/15)
 Temple: D:4-7

Altars:
Uskayaw

Annotations:
D:3 Ijyb


Innate Abilities, Weirdness & Mutations

You are too large for most types of armour.
You have a pair of small horns on your head.
You have tough skin. (AC +1)
You gain doubled healing and magic from potions.
Whenever you drink a healing potion, you attack all around you.
You are partially covered in iridescent scales. (AC +2)
Your magical capacity is low. (-10% MP)
Your muscles are strong. (Str +4, Int/Dex -1)
You expend magic power (3 MP) to strengthen your wands.


Message History

The stream of webbing misses you.
You hit the bat.
You kill the bat!
The ribbon worm bites you.
You puncture the ribbon worm!
The ribbon worm is heavily wounded.
The ribbon worm bites you.
You barely miss the ribbon worm. Your punch misses the ribbon worm.
The ribbon worm is moderately wounded.
The ribbon worm expels a string of sticky webbing.
The stream of webbing misses you.
You puncture the ribbon worm!
You kill the ribbon worm!
You see here a ribbon worm corpse.
HP restored.
t - 3 scrolls labelled UPETOTI NETH (gained 1)
w - a scroll labelled ESO ZIOTSUD A rat comes into view.
A rat is nearby!
The rat squeaks loudly.
A quokka comes into view.
You barely miss the rat. You headbutt the rat.
The rat is heavily wounded.
The rat barely misses you. The rat bites you but does no damage.
You closely miss the rat. You headbutt the rat.
You kill the rat!
The quokka completely misses you.
You hit the quokka. You headbutt the quokka.
You kill the quokka!
You see here a quokka corpse.
You now have 118 gold pieces (gained 11).
You open the door.
Found a stone staircase leading down.
There is an open door here.
You open the door.
Ijyb the Twisted Goblin comes into view.
She is wielding a +0 dagger, wearing a +1 chain mail of poison resistance and carrying a wand of acid.
Ijyb shouts!
Okay, then.
Throw: 3 darts (curare)
Press: ? - help, Shift-Dir - straight line, f - Ijyb
Aim: Ijyb, wielding a +0 dagger, wearing a +1 chain mail of poison resistance and carrying a wand of acid (60% to hit)
You throw a curare-tipped dart. The curare-tipped dart hits Ijyb.
Throw: 2 darts (curare)
Press: ? - help, Shift-Dir - straight line, f/p - Ijyb
Aim: Ijyb, wielding a +0 dagger, wearing a +1 chain mail of poison resistance and carrying a wand of acid (60% to hit)
You throw a curare-tipped dart. The curare-tipped dart hits Ijyb.
Ijyb zaps a wand.
The bolt of acid hits you!
Throw: dart (curare)
Press: ? - help, Shift-Dir - straight line, f/p - Ijyb
Aim: Ijyb, wielding a +0 dagger, wearing a +1 chain mail of poison resistance and carrying a wand of acid (60% to hit)
You throw a curare-tipped dart. The curare-tipped dart hits Ijyb.
Ijyb screams, "I no like you!"
You hit Ijyb but do no damage. Ijyb closely misses you.
You closely miss Ijyb. Ijyb hits you with a +0 dagger. Ijyb barely misses you.
You closely miss Ijyb.
Ijyb zaps a wand.
The bolt of acid hits you!
You closely miss Ijyb. Ijyb hits you with a +0 dagger.
You barely miss Ijyb. You headbutt Ijyb, but do no damage.
Ijyb zaps a wand.
The bolt of acid hits you! The acid corrodes you!
Okay, then.
You fade into invisibility!
Ijyb closely misses you.
You catch the helpless Ijyb completely off-guard!
You hit Ijyb. You headbutt Ijyb, but do no damage.
Ijyb is lightly wounded.
Ijyb closely misses you.
Ijyb zaps a wand.
The bolt of acid hits you!
* * * LOW HITPOINT WARNING * * *
The acid corrodes you!
It was a potion of enlightenment.
You feel very buoyant.
You fly up into the air.
Ijyb barely misses you.
It was a potion of resistance.
You feel protected.
Ijyb zaps a wand.
The bolt of acid hits you! You resist.
* * * LOW HITPOINT WARNING * * *
The acid corrodes you!
It was a potion of degeneration.
There was something very wrong with that liquid.
You feel weakened.
You feel dopey.
You feel clumsy.
Ijyb zaps a wand.
The bolt of acid misses you.
Okay, then.
There is a stone staircase leading down here.
You fly downwards.
Found a potion of invisibility, a scroll labelled UPETOTI NETH and a robe.
There is a stone staircase leading up here.
The helpless adder skeleton fails to defend itself.
You puncture the adder skeleton!
The adder skeleton is almost destroyed.
Okay, then.
You flicker for a moment.
The adder skeleton bites you.
* * * LOW HITPOINT WARNING * * *
You hit the adder skeleton.
Your headbutt misses the adder skeleton.
The adder skeleton is almost destroyed.
The adder skeleton closely misses you. The adder skeleton bites you.
* * * LOW HITPOINT WARNING * * *
You hit the adder skeleton but do no damage.
The adder skeleton is almost destroyed.
The adder skeleton bites you.
You die...

.# ###.##
#.[.. .
##.#.###.#
#.........
#..P....?#
#Z@.~~~~.#
#...~~~~.#
#!Z.~~~~~.
#...~~~...
#.#....P.#
#. #..####
#. ..# #.
..# #g ...


You could see an adder skeleton (unable to see you) and a hound skeleton
(wandering, unable to see you).

Vanquished Creatures
  An iguana (D:3)
  Terence (D:2)
  3 adders (D:2)
  A ribbon worm (D:3)
  2 dart slugs
  An orc (D:3)
  8 ball pythons
  2 endoplasms
  4 giant cockroaches
  5 goblins
  7 hobgoblins
  3 quokkas
  5 bats
  2 frilled lizards
  10 kobolds
  6 rats
61 creatures vanquished.

Notes
Turn   | Place    | Note
-------+----------+-------------------------------------------
     0 | D:1      | edsrzf the Oni Brigand began the quest for the Orb.
     0 | D:1      | Reached XP level 1. HP: 22/22 MP: 1/1
    13 | D:1      | You fall into a shaft and drop 1 floor!
    88 | D:2      | Reached skill level 3 in Fighting
    91 | D:2      | Reached XP level 2. HP: 19/31 MP: 2/2
   451 | D:1      | Reached XP level 3. HP: 39/39 MP: 3/3
   667 | D:1      | Reached skill level 4 in Fighting
   678 | D:1      | Reached skill level 3 in Throwing
   864 | D:1      | Found a faded altar of an unknown god.
  1139 | D:2      | Noticed Terence
  1155 | D:2      | Identified 5 potions of invisibility
  1158 | D:2      | Identified 3 potions of magic
  1159 | D:2      | Identified 2 potions of brilliance
  1160 | D:2      | Identified 2 potions of mutation
  1160 | D:2      | Gained mutation: Your magical capacity is low. (-10% MP)
                  | [potion of mutation]
  1160 | D:2      | Gained mutation: Your muscles are strong. (Str +4, Int/Dex
                  | -1) [potion of mutation]
  1160 | D:2      | Gained mutation: You expend magic power (3 MP) to
                  | strengthen your wands. [potion of mutation]
  1160 | D:2      | Gained mutation: You are partially covered in iridescent
                  | scales. (AC +2) [potion of mutation]
  1161 | D:2      | Identified a potion of heal wounds
  1164 | D:2      | Killed Terence
  1165 | D:2      | Reached XP level 4. HP: 28/49 MP: 3/3
  1263 | D:2      | Found a hide-covered altar of Uskayaw.
  1381 | D:2      | Identified the +7 dagger of Intimidation {heavy, Int+5}
  1427 | D:2      | Identified the +1 leather armour "Sifraunn" {SInv}
  1658 | D:3      | Reached skill level 5 in Fighting
  1658 | D:3      | Reached XP level 5. HP: 42/57 MP: 4/4
  1782 | D:3      | Identified the +3 helmet "Bunokk" {rPois}
  1840 | D:3      | Reached skill level 4 in Throwing
  2183 | D:3      | Noticed Ijyb
  2194 | D:3      | Identified a potion of enlightenment
  2195 | D:3      | Identified a potion of resistance
  2196 | D:3      | Identified a potion of degeneration
  2207 | D:4      | HP: 2/57 [adder skeleton (3)]
  2208 | D:4      | Slain by an adder skeleton

Illustrated notes

Levels and vault maps discovered:
D:1:      dpeg_arrival_stonehenge_8_columns, layout_rooms,
          shapermc_ecumenical_altar_mp_vishouse
D:2:      layout_loops_cross, basic_altar, uniq_terence
D:3:      layout_loops_corners, minmay_misc_feat_cross, uniq_ijyb
D:4:      layout_loops_ring, serial_undead, serial_undead_f, serial_undead_d,
          serial_undead_b, serial_undead_f, serial_undead_b, serial_undead_c,
          serial_undead_b, serial_undead_c

Skill      XL: |  1  2  3  4  5 |
---------------+----------------+-----
Fighting       | 3 4 5 |  5.3
Throwing       | 3 4 |  4.0
Short Blades   | |  1.7
Dodging        | |  0.8
Stealth        | |  2.9

Action                     |  1- 3 |  4- 6 || total
---------------------------+-------+-------++-------
  Melee: Dagger            |   108 |    68 ||   176
         Punch             |     1 |       ||     1
         Headbutt          |    17 |     7 ||    24
  Throw: Dart              |       |     3 ||     3
    Use: Potion            |     5 |     4 ||     9
   Stab: Sleeping          |     3 |     7 ||    10
         Invisible         |     3 |     2 ||     5
 Armour: Robe              |    63 |    39 ||   102
  Dodge: Dodged            |    33 |    33 ||    66
